 Dungeon Crawl Stone Soup version 0.22-a0-558-gc224181 (webtiles) character file.

69 vishdafish the Skirmisher (level 4, 36/37 HPs)
             Began as a Demonspawn Berserker on June 26, 2018.
             Was a Believer of Trog.
             Quit the game on level 3 of the Dungeon.
             The game lasted 00:02:07 (2018 turns).

vishdafish the Skirmisher (Demonspawn Berserker)    Turns: 2018, Time: 00:02:08

Health: 36/37      AC:  4    Str: 17    XL:     4   Next: 2%
Magic:  4/4        EV: 12    Int: 15    God:    Trog [**....]
Gold:   137        SH:  0    Dex: 12    Spells: 3/3 levels left

rFire    . . .     SeeInvis .   a - +0 spear
rCold    . . .     Gourm    .   (no shield)
rNeg     . . .     Faith    .   b - +0 animal skin
rPois    .         Spirit   .   (helmet restricted)
rElec    .         Reflect  .   (no cloak)
rCorr    .         Harm     .   (no gloves)
MR       .....                  (no boots)
Stlth    +.........             (no amulet)
HPRegen  0.12/turn              o - +2 ring of protection
MPRegen  0.09/turn              n - +5 ring of intelligence

@: no status effects
A: antennae 1, rot immunity
a: Berserk, Trog's Hand, Renounce Religion


You were on level 3 of the Dungeon.
You worshipped Trog.
Trog was pleased with you.
You were hungry.

You visited 1 branch of the dungeon, and saw 3 of its levels.

You collected 137 gold pieces.

Inventory:

Hand Weapons
 a - a +0 spear (weapon)
Armour
 b - a +0 animal skin (worn)
Jewellery
 n - a +5 ring of intelligence (right hand)
 o - a +2 ring of protection (left hand)
Wands
 q - a wand of iceblast (8)
Scrolls
 d - a scroll of noise {unknown}
 e - 3 scrolls of remove curse {unknown}
 f - a scroll of teleportation {unknown}
 g - a scroll of magic mapping {unknown}
 i - a scroll of identify {unknown}
 k - a scroll of fear {unknown}
 p - a scroll of immolation {unknown}
Potions
 h - a potion of haste {unknown}
 j - a potion of resistance {unknown}
 l - a potion of heal wounds {unknown}
 m - a potion of flight {unknown}
Comestibles
 c - 4 rations


   Skills:
 + Level 3.7 Fighting
 + Level 3.6 Polearms
 + Level 1.9 Armour
 + Level 2.2 Dodging
 + Level 0.1 Stealth


You had 3 spell levels left.
You didn't know any spells.
Your spell library was empty.

Dungeon Overview and Level Annotations

Branches:
Dungeon (3/15)

Altars:


Innate Abilities, Weirdness & Mutations

You have a pair of small antennae on your head.
You are immune to rotting.


Message History

Attack whom?
Press: ? - help, Dir - move target cursor, f - goblin
Aim: a goblin You reach to attack!
You hit the goblin.
You kill the goblin!
Trog accepts your kill.
No target in view!
No target in view!
No target in view!
No target in view!
No target in view!
No target in view!
No target in view!
No target in view!
No target in view!
No target in view!
No target in view!
No target in view!
No target in view!
Are you sure you want to abandon this character and quit the game? (Confirm with "yes".)

#### #.... #######+##
#.....#########........#
.......@................
#.....#########.........
..... #......... ....
#......... ...
#......... .. #.........
. #......... #.........
#######.#.


There were no monsters in sight!

Vanquished Creatures
  An adder (D:2)
  A worm (D:2)
  A dart slug (D:1)
  2 leopard geckos (D:2)
  2 giant cockroaches (D:1)
  6 goblins
  4 hobgoblins (D:1)
  8 jackals (D:2)
  2 quokkas
  6 bats
  2 frilled lizards
  6 kobolds (D:1)
  7 rats
  A fungus (D:1)
49 creatures vanquished.

Notes
Turn   | Place    | Note
-------+----------+-------------------------------------------
     0 | D:1      | vishdafish the Demonspawn Berserker began the quest for the Orb.
     0 | D:1      | Reached XP level 1. HP: 18/18 MP: 1/1
    79 | D:1      | Gained mutation: You have a pair of small antennae on your head. [demonic ancestry]
    79 | D:1      | Reached XP level 2. HP: 10/24 MP: 2/2
   957 | D:2      | Reached XP level 3. HP: 19/29 MP: 3/3
   966 | D:2      | Reached ** piety under Trog
   968 | D:2      | Found a faded altar of an unknown god.
  2010 | D:3      | Gained mutation: You are immune to rotting. [demonic ancestry]
  2010 | D:3      | Reached XP level 4. HP: 35/37 MP: 4/4
  2018 | D:3      | Quit the game

Vault maps used:
D:1:      minmay_arrival_doors, minmay_gold_behind_fungi, minivault_24,
          minmay_door_square
D:2:      chequers_ecumenical_altar_simple_redux,
          hangedman_abyss_or_decor_lesser_grid, minivault_14

Skill      XL: |  1  2 |
---------------+-------+-----
Polearms       | 3 |  3.6
Dodging        | 2 |  2.2
Fighting       | |  3.7
Armour         | |  1.9
Stealth        | |  0.1

Action                   |  1- 3 |  4- 6 || total
-------------------------+-------+-------++-------
Melee: Spear             |   211 |     1 ||   212
Invok: Berserk           |     2 |       ||     2
 Stab: Sleeping          |     1 |       ||     1
  Eat: Chunk             |     5 |       ||     5
Armor: Animal skin       |    33 |       ||    33
Dodge: Dodged            |   107 |       ||   107

Table legend:
 A = Spawn XP
 B = Non-spawn XP
 C = Spawn XP percentage of total XP
 D = Spawn monster count
 E = Non-spawn monster count
 F = Spawn count percentage of total count
 G = Total turns spent on level
                    A         B        C        D         E        F      G
               +---------+---------+-------+---------+---------+-------+---------
         Total |       0 |      99 |   0.0 |       0 |      48 |   0.0 |  2018
               +---------+---------+-------+---------+---------+-------+---------
           D:1 |       0 |      37 |   0.0 |       0 |      22 |   0.0 |   888
           D:2 |       0 |      58 |   0.0 |       0 |      24 |   0.0 |  1083
           D:3 |       0 |       4 |   0.0 |       0 |       2 |   0.0 |    47
               +---------+---------+-------+---------+---------+-------+---------
